Description

This is a proxy double Stargate into Voids+ probe all-in ! The opening is a 14-14-14-14.

VOD

https://youtu.be/k8LxGIUH_-A

Replay - 14 14 14 14

Build Order

Get SALT Encoding   

  12  0:00  Probe  
  13  0:12  Probe  
  14  0:17  Pylon  
  14  0:24  Assimilator  
  14  0:31  Assimilator  
  14  0:40  Gateway  
  14  0:44  Probe (Chrono Boost)  
  15  0:54  Probe x2 (Chrono Boost)  
  17  1:11  Probe  
  18  1:23  Probe  
  19  1:31  Cybernetics Core  
  19  1:35  Probe  
  20  1:47  Pylon  
  20  2:08  Stargate x2  
  20  2:44  Void Ray x2 (Chrono Boost), Pylon  
  28  2:58  Pylon  
Spawning Tool Build Advisor. Get it on Overwolf

Go to:

Details

  • Created by: zuka      
  • Published on: Jun 12, 2021
  • Patch: 4.11.0
  • Difficulty: Easy
Show
View Real Time Build Order
Export as new Build Order

Comments (1)

On Aug. 6, 2021, 6:34 a.m., Gredegos  said:

working for me in diamond just fine, good when you don't wanna play macro vs protoss. good against DT cheese since you end before they get DTs usually and they don't have much to defend with. Bad against proxy zealot (yeah that happens).

Create an account to comment!